 Dungeon Crawl Stone Soup version 0.27.1-4-g1640c2035a (webtiles) character file.

Game seed: 7348256647759790284

170 croobank the Digger (level 5, -2/39 HPs)
             Began as a Demigod Earth Elementalist on Nov 16, 2021.
             Slain by Grinder (4 damage)
             ... on level 3 of the Dungeon.
             The game lasted 00:20:11 (3343 turns).

croobank the Digger (Demigod Earth Elementalist)    Turns: 3343, Time: 00:20:12

Health: -2/39      AC:  4    Str: 13    XL:     5   Next: 4%
Magic:  11/11      EV: 12    Int: 17    God:
Gold:   81         SH:  4    Dex: 14    Spells: 8/9 levels left

rFire    + . .     SeeInvis .   g - +4 dagger
rCold    x . .     Faith    .   k - +0 buckler
rNeg     . . .     Spirit   .   b - +0 robe
rPois    .         Reflect  .   i - +0 helmet
rElec    .         Harm     .   r - +0 cloak
rCorr    .         Rampage  .   (no gloves)
Will     .....                  (no boots)
Stlth    ++........             m - amulet of the acrobat
HPRegen  0.13/turn              s - ring of fire
MPRegen  0.12/turn              (no ring)

@: about to teleport
A: high mp 1, forlorn
a: no special abilities


You were on level 3 of the Dungeon.
You visited 1 branch of the dungeon, and saw 3 of its levels.

You collected 81 gold pieces.

Inventory:

Hand Weapons
 e - a +0 mace
 g - a +4 dagger (weapon)
 h - a +0 falchion
 j - a +2 quarterstaff of chaos
 p - a +0 morningstar
Missiles
 c - 17 stones
 n - 7 boomerangs
Armour
 b - a +0 robe (worn)
 d - a +0 chain mail
 i - a +0 helmet (worn)
 k - a +0 buckler (worn)
 q - a +0 leather armour
 r - a +0 cloak (worn)
Jewellery
 m - an amulet of the acrobat (around neck)
 s - a ring of fire (left hand)
Potions
 f - 2 potions of curing
 l - a potion of lignification {unknown}
 o - a potion of attraction {unknown}


   Skills:
 + Level 0.5 Fighting
 * Level 1.9 Short Blades
 - Level 0.3 Maces & Flails
 + Level 2.3 Dodging
 + Level 2.1 Stealth
 * Level 1.1 Shields
 + Level 2.6 Spellcasting
 + Level 0.8 Transmutations
 + Level 3.5 Earth Magic


You had 8 spell levels left.
You knew the following spells:

 Your Spells              Type           Power      Damage    Failure   Level
a - Sandblast             Erth           28%        2d8       6%          1

Your spell library contained the following spells:

 Spells                   Type           Power      Damage    Failure   Level
 Passwall                 Tmut/Erth      7%         N/A       16%         2
 Stone Arrow              Conj/Erth      16%        3d8       36%         3
 Petrify                  Tmut/Erth      9%         N/A       71%         4


Dungeon Overview and Level Annotations

Branches:
Dungeon (3/15)

Annotations:
D:3 Grinder


Innate Abilities, Weirdness & Mutations

Your attributes grow dramatically as you level up.
You have an increased reservoir of magic. (+10% MP)
You shall have no god before yourself.


Message History

There is a stone staircase leading down here.
You climb downwards.
There is a stone staircase leading up here.
Found a tubular peridot ring.
s - a ring of fire You feel more attuned to fire.
s - a ring of fire (left hand)
Okay, then.
Grinder comes into view.
Found 9 gold pieces.
Okay, then.
Okay, then.
The helpless Grinder fails to defend herself.
You puncture Grinder!
Grinder is moderately wounded.
Grinder hits you.
You writhe in agony.
You hit Grinder.
Grinder is moderately wounded.
Grinder says, "FISH!"
Grinder gestures at you.
You suddenly lose the ability to move!
Grinder gestures at you. Pain shoots through your body! Grinder hits you.
You writhe in agony.
Grinder gestures at you.
You shrug off the repeated paralysis!
Grinder gestures at you. Pain shoots through your body!
You can move again.
As you read the scroll of teleportation, it crumbles to dust.
You feel strangely unstable. Grinder gestures at you.
Pain shoots through your body!
* * * LOW HITPOINT WARNING * * *
You hit Grinder.
Grinder is moderately wounded.
You closely miss Grinder.
Grinder is moderately wounded.
Grinder hits you.
You die...

#.# ... ..# # ### #
..# #.#....###.##
##.#.#$#.#.#.#
#.#...#...#..
###.#.#.#.#.#.#
#....#...#@..#
###.#.#.#.#.#5#.#
....#...#...#..
#.#.#.#.#.#.#.#
#....#...#...#..
###.#.#.#.#.#.#.#.#
#....#...#...#...#..
#.#.#.#.#.#.#.#.#.#.#.
#...<....#...#...#.


You could see Grinder.

Vanquished Creatures
  Crazy Yiuf (D:2)
  2 orc wizards (D:2)
  5 adders (D:2)
  A dart slug (D:1)
  2 orcs (D:2)
  5 endoplasms
  A giant cockroach (D:2)
  3 goblins
  3 hobgoblins (D:1)
  3 jackals (D:1)
  2 quokkas (D:2)
  4 ball pythons
  7 bats
  3 frilled lizards (D:1)
  3 kobolds
  3 rats (D:2)
48 creatures vanquished.

Notes
Turn   | Place    | Note
-------+----------+-------------------------------------------
     0 | D:1      | croobank the Demigod Earth Elementalist began the quest for
                  | the Orb.
     0 | D:1      | Reached XP level 1. HP: 14/14 MP: 5/5
    75 | D:1      | Reached skill level 3 in Earth Magic
   378 | D:1      | Reached XP level 2. HP: 14/20 MP: 1/7
  1152 | D:2      | Reached XP level 3. HP: 18/26 MP: 8/8
  1642 | D:2      | Reached skill level 1 in Short Blades
  2014 | D:2      | Found a runed translucent door.
  2015 | D:2      | Noticed Crazy Yiuf
  2201 | D:2      | Reached XP level 4. HP: 17/33 MP: 8/10
  2690 | D:2      | Reached skill level 1 in Shields
  3129 | D:2      | Killed Crazy Yiuf
  3130 | D:2      | Reached XP level 5. HP: 39/39 MP: 11/11
  3333 | D:3      | Noticed Grinder
  3336 | D:3      | Paralysed by Grinder for 4 turns
  3343 | D:3      | Slain by Grinder

Illustrated notes

Levels and vault maps discovered:
D:1:      lemuel_arrival_tunnels, layout_rooms,
          dreamdust_ecumenical_altar_angels_and_demons
D:2:      minmay_spotlight, layout_loops_ring, kennysheep_cluttered_room,
          uniq_crazy_yiuf_cottage
D:3:      layout_loops_corners, kennysheep_crisscross, kennysheep_minor_cross,
          uniq_ijyb, uniq_grinder

Skill      XL: |  1  2  3  4 |
---------------+-------------+-----
Earth Magic    | 3 |  3.5
Dodging        | 2 |  2.3
Spellcasting   | 2 |  2.6
Short Blades   | 1 |  1.9
Stealth        | 2 |  2.1
Shields        | 1 |  1.1
Fighting       | |  0.5
Maces & Flails | |  0.3
Transmutations | |  0.8

Action                   |  1- 3 |  4- 6 || total
-------------------------+-------+-------++-------
Melee: Unarmed           |     7 |       ||     7
       Mace              |     4 |       ||     4
       Dagger            |    55 |    40 ||    95
 Cast: Sandblast         |    28 |    11 ||    39
  Use: Scroll            |     3 |     2 ||     5
       Potion            |       |     1 ||     1
 Stab: Sleeping          |     3 |     1 ||     4
       Invisible         |       |     2 ||     2
Armor: Robe              |    16 |     9 ||    25
Dodge: Dodged            |    47 |    15 ||    62
Block: Buckler           |     3 |     4 ||     7
